 Dungeon Crawl Stone Soup version 0.23-a0-375-g66a18ee (webtiles) character file.

190 Cryolive the Digger (level 5, -1/28 HPs)
             Began as a Gargoyle Earth Elementalist on Oct 26, 2018.
             Slain by a hound (5 damage)
             ... on level 4 of the Dungeon.
             The game lasted 00:09:41 (2520 turns).

Cryolive the Digger (Gargoyle Earth Elementalist)   Turns: 2520, Time: 00:09:42

Health: -1/28      AC:  8    Str: 12    XL:     5   Next: 69%
Magic:  5/10       EV: 12    Int: 16    God:
Gold:   179        SH:  0    Dex: 14    Spells: 7/11 levels left

rFire    . . .     SeeInvis .   g - +0 flail
rCold    . . .     Gourm    +   (no shield)
rNeg     + . .     Faith    .   c - +0 robe
rPois    ∞         Spirit   .   (no helmet)
rElec    +         Reflect  .   p - +0 cloak
rCorr    .         Harm     .   (no gloves)
MR       .....                  o - +0 pair of boots
Stlth    ++........             n - amulet of the gourmand
HPRegen  0.09/turn              a - +4 ring of dexterity
MPRegen  0.12/turn              (no ring)

@: no status effects
A: negative energy resistance 1, electricity resistance, unbreathing,
petrification resistance, rot immunity, AC +4
a: no special abilities


You were on level 4 of the Dungeon.
You were completely stuffed.

You visited 1 branch of the dungeon, and saw 4 of its levels.

You collected 179 gold pieces.

Inventory:

Hand Weapons
 g - a +0 flail (weapon)
Missiles
 b - 52 stones (quivered)
Armour
 c - a +0 robe (worn)
 j - a scarf of cloud immunity
 o - a +0 pair of boots (worn)
 p - a +0 cloak (worn)
Jewellery
 a - a +4 ring of dexterity (left hand)
 n - an amulet of the gourmand (around neck)
Wands
 q - a wand of clouds (5)
 r - a wand of random effects (16)
Scrolls
 f - 4 scrolls of amnesia {unknown}
 h - a scroll of fog {unknown}
 i - 3 scrolls of identify {unknown}
 k - 2 scrolls of remove curse {unknown}
 s - a scroll of enchant weapon {unknown}
Potions
 e - 2 potions of lignification {unknown}
 l - 2 potions of ambrosia {unknown}
Comestibles
 d - 5 rations
 t - 4 chunks of flesh


   Skills:
 - Level 1.5 Dodging
 - Level 2.1 Stealth
 + Level 3.6 Spellcasting
 + Level 2.3 Conjurations
   Level 0.7 Transmutations
 + Level 5.4 Earth Magic


You had 7 spell levels left.
You knew the following spells:

 Your Spells              Type           Power        Failure   Level  Hunger
a - Sandblast             Erth           ###...       1%          1    None
b - Stone Arrow           Conj/Erth      ###...       11%         3    ###....

Your spell library contained the following spells:

 Spells                   Type           Power        Failure   Level  Hunger
 Passwall                 Tmut/Erth      ##......     8%          2    ##.....
 Beastly Appendage        Tmut           #.....       13%         1    None
 Sticks to Snakes         Tmut           #.......     21%         2    ##.....
 Spider Form              Tmut/Pois      #.........   41%         3    ###....
 Petrify                  Tmut/Erth      ##......     43%         4    ####...
 Lee's Rapid Deconstruct  Erth           ###.......   45%         5    ######.
 Ice Form                 Ice/Tmut       #.......     83%         4    ####...
 Blade Hands              Tmut           #.........   98%         5    ######.


Dungeon Overview and Level Annotations

Branches:
Dungeon (4/15)
 Temple: D:4-7

Altars:
Kikubaaqudgha


Innate Abilities, Weirdness & Mutations

You are resistant to torment.
Your stone body is resilient. (AC +4)
You are immune to poison.
You resist negative energy. (rN+)
You are resistant to electric shocks. (rElec)
You can survive without breathing.
You are immune to petrification.
You are immune to rotting.


Message History

The hound is lightly wounded.
The hound bites you. x2
You hit the hound.
The hound is moderately wounded.
The hound bites you.
* * * LOW HITPOINT WARNING * * *
The hound barely misses you.
You hit the hound.
The hound is moderately wounded.
The hound closely misses you. The hound misses you.
Casting: Sandblast (safe; 1% risk of failure)
Confirm with . or Enter, or press ? or * to list all spells.
Aiming: Sandblast (safe; 1% risk of failure)
Press: ? - help, Shift-Dir - straight line, f - hound
Aim: a hound (moderately wounded)
The blast of sand hits the hound.
The hound is almost dead.
b - 52 stones The hound bites you.
You die...

### #.# ####.#########
###............#
..#............# #######
...............# .......
............#####.......
................@h......
....#...........#.......
....#..###.#..#.........
#####).##.....#.#.#.....
....)..#...#....#.#..###
#####.##...#.#..#.# .#
#......#.#..#.# #
###....#......#
#...........#


You could see a hound.

Vanquished Creatures
  2 orc wizards (D:4)
  Robin (D:3)
  4 adders
  An adder skeleton (D:4)
  A worm (D:3)
  3 dart slugs
  2 leopard geckos (D:3)
  3 orcs
  3 giant cockroaches
  16 goblins
  7 hobgoblins
  4 jackals
  A ball python (D:3)
  7 bats
  3 frilled lizards (D:3)
  6 kobolds
  10 rats
74 creatures vanquished.

Notes
Turn   | Place    | Note
-------+----------+-------------------------------------------
     0 | D:1      | Cryolive the Gargoyle Earth Elementalist began the quest
                  | for the Orb.
     0 | D:1      | Reached XP level 1. HP: 10/10 MP: 3/3
   159 | D:1      | Reached XP level 2. HP: 13/15 MP: 5/5
   199 | D:1      | Reached skill level 4 in Earth Magic
   889 | D:2      | Reached XP level 3. HP: 17/19 MP: 7/7
  1464 | D:2      | Learned a level 3 spell: Stone Arrow
  1498 | D:3      | Found a faded altar of an unknown god.
  1531 | D:3      | Reached XP level 4. HP: 19/24 MP: 8/8
  1640 | D:3      | Noticed Robin
  1694 | D:3      | Reached skill level 1 in Conjurations
  1771 | D:3      | Reached skill level 5 in Earth Magic
  1945 | D:3      | Found an ancient bone altar of Kikubaaqudgha.
  2090 | D:3      | Killed Robin
  2090 | D:3      | Reached XP level 5. HP: 24/28 MP: 0/10
  2520 | D:4      | Slain by a hound

Vault maps used:
D:1:      tarquinn_simple_flora_water_f, minivault_26
D:3:      overflow_temple_1_default, chequers_ecumenical_altar_island,
          chequers_serial_rivers_micro_e, uniq_robin

Skill      XL: |  1  2  3  4  5 |
---------------+----------------+-----
Earth Magic    | 4 5 |  5.4
Spellcasting   | 3 |  3.6
Conjurations   | 1 2 |  2.3
Dodging        | |  1.5
Stealth        | |  2.1
Transmutations | |  0.7

Action                   |  1- 3 |  4- 6 || total
-------------------------+-------+-------++-------
Melee: Club              |    11 |       ||    11
       Unarmed           |     8 |       ||     8
       Mace              |    73 |       ||    73
       Dagger            |    25 |   106 ||   131
       Flail             |       |     6 ||     6
 Cast: Sandblast         |     1 |    19 ||    20
       Stone Arrow       |       |     2 ||     2
 Stab: Sleeping          |     1 |     2 ||     3
       Distracted        |     1 |       ||     1
  Eat: Chunk             |     5 |    11 ||    16
Armor: Robe              |    37 |    38 ||    75
Dodge: Dodged            |    75 |    74 ||   149

Table legend:
 A = Non-vault XP
 B = Vault XP
 C = Vault XP percentage of total XP
 D = Non-vault monster count
 E = Vault monster count
 F = Vault count percentage of total count
                 A         B        C        D         E       F
            +---------+---------+-------+---------+---------+-------
      Total |     240 |      32 |  11.8 |      63 |      11 |  14.9
            +---------+---------+-------+---------+---------+-------
        D:1 |      21 |       0 |   0.0 |      13 |       0 |   0.0
        D:2 |      46 |       0 |   0.0 |      19 |       0 |   0.0
        D:3 |      82 |      32 |  28.1 |      25 |      11 |  30.6
        D:4 |      91 |       0 |   0.0 |       6 |       0 |   0.0
            +---------+---------+-------+---------+---------+-------
